 Dungeon Crawl Stone Soup version 0.21.1-1-g345015fe64 (webtiles) character file.

91 Norrik the Chopper (level 4, -5/41 HPs)
             Began as a Minotaur Monk on Apr 23, 2018.
             Slain by Grinder (8 damage)
             ... on level 3 of the Dungeon.
             The game lasted 00:01:34 (1738 turns).

Norrik the Chopper (Minotaur Monk)                  Turns: 1738, Time: 00:01:34

Health: -5/41      AC:  6    Str: 17    XL:     4   Next: 33%
Magic:  3/3        EV: 12    Int:  7    God:
Gold:   69         SH:  0    Dex: 12    Spells: 3/3 levels left

rFire    . . .     SeeInvis .   a - +0 hand axe
rCold    . . .     Gourm    .   (no shield)
rNeg     . . .     Faith    .   j - +0 ring mail
rPois    .         Spirit   .   (helmet restricted)
rElec    .         Reflect  .   (no cloak)
rCorr    .         Harm     .   i - +0 pair of gloves
MR       .....                  (no boots)
Stlth    +.........             (no amulet)
HPRegen  0.13/turn              (no ring)
MPRegen  0.08/turn              (no ring)

@: no status effects
A: retaliatory headbutt, horns 2
a: no special abilities


You were on level 3 of the Dungeon.
You were not hungry.

You visited 1 branch of the dungeon, and saw 3 of its levels.

You collected 69 gold pieces.

Inventory:

Hand Weapons
 a - a +0 hand axe (weapon)
Armour
 b - a +0 robe
 i - a +0 pair of gloves (worn)
 j - a +0 ring mail (worn)
Jewellery
 g - an uncursed ring of magical power {unknown}
Scrolls
 d - 2 scrolls of fear {unknown}
 e - 4 scrolls of teleportation {unknown}
 f - 2 scrolls of magic mapping {unknown}
 l - a scroll of immolation {unknown}
 m - 2 scrolls of identify {unknown}
 n - a scroll of amnesia {unknown}
 o - a scroll of random uselessness {unknown}
Potions
 h - a potion of brilliance {unknown}
 k - a potion of heal wounds {unknown}
 p - a potion of flight {unknown}
Comestibles
 c - 3 rations


   Skills:
 + Level 4.4 Fighting
 * Level 5.1 Axes
 + Level 2.2 Armour
 - Level 3.2 Dodging
 - Level 1.5 Stealth


You had 3 spell levels left.
You didn't know any spells.

Dungeon Overview and Level Annotations

Branches:
Dungeon (3/15)

Altars:
Gozag
Makhleb

Annotations:
D:3 Grinder


Innate Abilities, Weirdness & Mutations

You reflexively headbutt those who attack you in melee.
You have a pair of horns on your head.


Message History

Grinder is nearby!
You hit Grinder.
Grinder is lightly wounded.
Grinder closely misses you.
You hit Grinder. Your headbutt misses Grinder.
Grinder is moderately wounded.
Grinder hits you!
* * * LOW HITPOINT WARNING * * *
You writhe in agony.
* * * LOW HITPOINT WARNING * * *
You barely miss Grinder.
Grinder is moderately wounded.
Grinder misses you.
You hit Grinder but do no damage.
Grinder is moderately wounded.
Grinder closely misses you.
You hit Grinder. You headbutt Grinder, but do no damage.
Grinder is moderately wounded.
Grinder hits you!
You die...

##.######.........#
##.######.####.##.#####
..........# #.........
...#####..# #†##......
....# ##..# #.###.....
###.###...####.....<...
#..............#.....
#####...####.#.# ...
#...# #.#@# . #...#
#.#5# #...# ..#.# #...#
..#.# .. ....# ......
.. .... .....# .# #.#
.# ... .#


You could see Grinder.

Vanquished Creatures
  A hound (D:2)
  An adder (D:2)
  3 worms
  A leopard gecko (D:2)
  2 ball pythons (D:3)
  A giant cockroach (D:3)
  8 goblins
  2 hobgoblins (D:2)
  4 jackals
  6 kobolds
  3 bats
  10 frilled lizards (D:1)
  2 rats (D:1)
44 creatures vanquished.

Notes
Turn   | Place    | Note
-------+----------+-------------------------------------------
     0 | D:1      | Norrik the Minotaur Monk began the quest for the Orb.
     0 | D:1      | Reached XP level 1. HP: 19/19 MP: 0/0
    49 | D:1      | Reached skill level 4 in Axes
    50 | D:1      | Reached XP level 2. HP: 10/27 MP: 1/1
   382 | D:1      | Reached skill level 1 in Armour
  1049 | D:2      | Reached XP level 3. HP: 25/33 MP: 2/2
  1053 | D:2      | Found an opulent altar of Gozag.
  1129 | D:2      | Found a burning altar of Makhleb.
  1149 | D:2      | Reached XP level 4. HP: 28/41 MP: 3/3
  1238 | D:2      | Reached skill level 5 in Axes
  1728 | D:3      | Noticed Grinder
  1735 | D:3      | HP: 2/41 [Grinder (1)]
  1738 | D:3      | Slain by Grinder

Skill      XL: |  1  2  3  4 |
---------------+-------------+-----
Axes           | 4 5 |  5.1
Armour         | 1 2 |  2.2
Fighting       | 4 |  4.4
Dodging        | |  3.2
Stealth        | |  1.5

Action                   |  1- 3 |  4- 6 || total
-------------------------+-------+-------++-------
Melee: Hand axe          |    61 |    35 ||    96
       Headbutt          |    11 |     8 ||    19
 Stab: Sleeping          |     1 |       ||     1
  Eat: Chunk             |       |     3 ||     3
Armor: Robe              |     9 |       ||     9
       Ring mail         |     4 |    13 ||    17
Dodge: Dodged            |    48 |    20 ||    68
